 Dungeon Crawl Stone Soup version 0.31-a0-256-g80acddb972 (webtiles) character file.

Game seed: 11976104313976020879

16208 boklok the Severer (level 12, 0/106 HPs)
             Began as a Hill Orc Fighter on July 13, 2023.
             Was a Believer of the Shining One.
             Slain by Snorg (1 damage)
             ... on level 12 of the Dungeon.
             The game lasted 00:45:40 (13401 turns).

boklok the Severer (Hill Orc Fighter)              Turns: 13401, Time: 00:45:41

Health: 0/106      AC: 30    Str: 34    XL:     12   Next: 35%
Magic:  12/12      EV:  9    Int: 10    God:    the Shining One [**....]
Gold:   628        SH:  5    Dex: 10    Spells: 11/11 levels left

rFire   x . .        j - +3 war axe (venom)
rCold   + . .        c - +0 buckler
rNeg    + . .        F - +6 plate armour "Icuhusyt" {rF- rC+ Slay+3}
rPois   .            o - +2 helmet
rElec   .            t - +0 cloak
rCorr   .            z - +1 pair of gloves
SInv    .            C - +1 pair of boots
Will    .....        (no amulet) Stlth
                     h - +6 ring of strength
HPRegen 0.37/turn    B - +6 ring of strength
MPRegen 0.13/turn

%: no passive effects
@: glowing
A: no striking features
a: Renounce Religion, Divine Shield


You were on level 12 of the Dungeon.
You worshipped the Shining One.
The Shining One was pleased with you.
You visited 2 branches of the dungeon, and saw 13 of its levels.

You collected 628 gold pieces.

Inventory:

Hand Weapons
 a - a +0 war axe of freezing
 j - a +3 war axe of venom (weapon)
Missiles
 i - 22 poisoned darts
 l - 12 boomerangs
 w - 4 throwing nets
 I - 3 silver javelins
Armour
 b - a +0 plate armour
 c - a +0 buckler (worn)
 o - a +2 helmet (worn)
 t - a +0 cloak (worn)
 z - a +1 pair of gloves (worn)
 C - a +1 pair of boots (worn)
 F - the +6 plate armour "Icuhusyt" (worn) {rF- rC+ Slay+3}
   (You took it off a tengu warrior on level 8 of the Dungeon)

   Slay:      It affects your accuracy & damage with ranged weapons and melee
   (+3).
   rF:        It makes you vulnerable to fire.
   rC:        It protects you from cold.
Jewellery
 d - a +6 ring of dexterity
 h - a +6 ring of strength (left hand)
 m - a ring of willpower
 B - a +6 ring of strength (right hand)
 G - a +4 ring of protection
Wands
 n - a wand of iceblast (14)
 p - a wand of flame (37)
 q - a wand of polymorph (7)
 v - a wand of digging (6)
Scrolls
 e - 3 scrolls of silence
 g - 2 scrolls of teleportation
 y - a scroll of blinking
 A - 2 scrolls of identify
 D - a scroll of noise
 E - a scroll of enchant armour {unknown}
 J - a scroll of revelation {unknown}
Potions
 f - a potion of heal wounds
 k - 5 potions of curing
 r - a potion of ambrosia
 u - a potion of cancellation {unknown}
 x - 3 potions of brilliance
 H - 2 potions of attraction
Miscellaneous
 s - a lightning rod (4/4)


   Skills:
 * Level 10.2 Fighting
 * Level 15.6 Axes
 * Level 9.9 Armour
 * Level 5.1 Dodging
 * Level 5.6 Stealth
 * Level 7.5 Shields


You had 11 spell levels left.
You didn't know any spells.
Your spell library contained the following spells:

 Spells                   Type           Power      Damage    Failure   Level
 Sandblast                Erth           0%         2d4       94%         1
 Cigotuvi's Dreadful Rot  Necr/Pois/Air  0%         N/A       98%         2
 Passwall                 Tmut/Erth      0%         N/A       98%         2
 Sublimation of Blood     Necr           0%         N/A       98%         2
 Portal Projectile        Hex/Tloc       0%         N/A       100%        3
 Stone Arrow              Conj/Erth      0%         3d7       100%        3
 Tukima's Dance           Hex            0%         N/A       100%        3
 Anguish                  Hex/Necr       0%         N/A       100%        4
 Cause Fear               Hex            0%         N/A       100%        4
 Dispel Undead            Necr           0%         3d6       100%        4
 Iskenderun's Mystic Bla  Conj/Tloc      0%         2d3       100%        4
 Petrify                  Tmut/Erth      0%         N/A       100%        4
 Irradiate                Conj/Tmut      0%         3d11      100%        5
 Death Channel            Necr           0%         N/A       100%        6
 Enfeeble                 Hex            0%         N/A       100%        7


Dungeon Overview and Level Annotations

Branches:
Dungeon (12/15)            Temple (1/1) D:7            Lair (0/5) D:11
    Orc (0/2) D:10

Altars:
Ashenzari
Cheibriados
Dithmenos
Elyvilon
Fedhas
Gozag
Hepliaklqana
Kikubaaqudgha
Makhleb
Nemelex Xobeh
Okawaru
Qazlal
Ru
Sif Muna
Trog
Uskayaw
Vehumet
Wu Jian
Xom
Yredelemnul
Zin
The Shining One

Portals:
Gauntlet: D:12

Annotations:
D:12 Snorg


Message History

You hit Snorg.
Snorg looks as sick as possible!
Snorg is heavily wounded.
You block Snorg's attack. Snorg barely misses you. Snorg claws you!
You slice Snorg!!
Snorg is severely wounded.
Snorg bites you but does no damage. Snorg claws you but does no damage. x2
You slash Snorg!
Snorg looks as sick as possible!
Snorg is severely wounded.
Snorg closely misses you. Snorg claws you but does no damage. x2
You barely miss Snorg.
Snorg is severely wounded.
Snorg bites you but does no damage. Snorg barely misses you. Snorg claws you.
You hit Snorg.
Snorg is severely wounded.
You hear the faint beating of a drum.
You block Snorg's attack. Snorg claws you but does no damage. Snorg claws you!
* * * LOW HITPOINT WARNING * * *
You hit Snorg.
Snorg looks as sick as possible!
Snorg is severely wounded.
Snorg bites you but does no damage. Snorg barely misses you.
You block Snorg's attack.
You hit Snorg.
Snorg looks as sick as possible!
Snorg is severely wounded.
Snorg bites you.
* * * LOW HITPOINT WARNING * * *
Snorg claws you but does no damage. You block Snorg's attack.
You feel much better. Snorg closely misses you. Snorg claws you.
Snorg claws you!
* * * LOW HITPOINT WARNING * * *
Snorg closely misses you. You block Snorg's attack.
Snorg claws you but does no damage.
You see here a +0 sling.
Snorg attacks as you move away! Snorg bites you but does no damage.
Snorg claws you but does no damage. Snorg claws you!
* * * LOW HITPOINT WARNING * * *
Snorg bites you but does no damage. You block Snorg's attack. x2
Snorg attacks as you move away! You block Snorg's attack. Snorg claws you!
* * * LOW HITPOINT WARNING * * *
Snorg claws you.
You die...

#....####... #
#.#.........
#.#....########
#.............###
##.#.#.<........#
#....#######.#.#
##(#.#.### #.#.#
#..#.....# #.#.#
##.#.#.#.# #@#.#
#....##.# #T..#
#...###.####u.##
#.............#
...........#####.#
..###.#####.# #.#
#. #.# #.# #. #.#
#.# #. #.. #...#


You could see Snorg (berserk, extremely poisoned) and a brown ugly thing.

Vanquished Creatures
  Harold (D:11)
  Erica (D:8)
  A two-headed ogre (D:8)
  A boulder beetle (D:11)
  A centaur warrior (D:8)
  A tengu warrior (D:8)
  An obsidian statue (D:10)
  A deep elf pyromancer (D:8)
  An oklob plant (D:11)
  A manticore (D:8)
  A gargoyle (D:10)
  Maggie (D:6)
  2 unseen horrors
  2 trolls (D:11)
  A hornet (D:9)
  Grinder (D:4)
  Sigmund (D:5)
  6 slime creatures (D:9)
  A shadow (D:9)
  13 yaks
  3 wyverns
  Eustachio (D:4)
  7 vampire mosquitoes
  Edmund (D:4)
  4 wargs (D:10)
  An acid dragon (D:10)
  A water moccasin (D:6)
  An ice beast (D:7)
  3 orc warriors
  A black bear (D:8)
  2 ogres
  8 centaurs
  A kobold brigand (D:8)
  A bullfrog (D:7)
  5 scorpions
  A gnoll sergeant (D:8)
  5 wights (D:9)
  5 killer bees (D:8)
  4 howler monkeys
  An electric eel (D:8)
  3 hounds
  3 orc priests (D:11)
  A gnoll bouda (D:5)
  2 jellies
  Ijyb (D:5)
  11 orc wizards
  2 sleepcaps (D:6)
  6 iguanas
  13 adders
  19 gnolls
  A shadow imp (D:6)
  2 white imps
  2 ufetubi
  A worm (D:3)
  A dart slug (D:4)
  33 orcs
  6 ball pythons
  6 endoplasms
  5 giant cockroaches
  5 goblins
  3 hobgoblins
  3 jackals (D:3)
  3 quokkas
  2 bats
  2 frilled lizards (D:2)
  13 kobolds
  10 rats
254 creatures vanquished.

Vanquished Creatures (others)
  A white imp (D:6)
1 creature vanquished.

Grand Total: 255 creatures vanquished

Notes
Turn   | Place    | Note
-------+----------+-------------------------------------------
     0 | D:1      | boklok the Hill Orc Fighter began the quest for the Orb.
     0 | D:1      | Reached XP level 1. HP: 19/19 MP: 1/1
    42 | D:1      | You fall into a shaft and drop 1 floor!
    95 | D:2      | Found a faded altar of an unknown god.
   291 | D:2      | Reached XP level 2. HP: 24/27 MP: 2/2
   610 | D:1      | Reached skill level 3 in Axes
   610 | D:1      | Reached XP level 3. HP: 33/33 MP: 3/3
  1736 | D:3      | Reached XP level 4. HP: 38/40 MP: 4/4
  2199 | D:3      | Reached skill level 4 in Axes
  2199 | D:3      | Reached skill level 1 in Stealth
  2408 | D:3      | Reached skill level 1 in Dodging
  2408 | D:3      | Reached XP level 5. HP: 12/47 MP: 5/5
  2755 | D:3      | Identified the +0 ring mail of Hangman {rPois rN+ Int+2}
  2995 | D:4      | Noticed Grinder
  2996 | D:4      | Noticed an ogre
  3240 | D:4      | Reached skill level 5 in Axes
  3270 | D:4      | Noticed Eustachio
  3304 | D:4      | Killed Eustachio
  3305 | D:4      | Reached XP level 6. HP: 32/53 MP: 6/6
  3425 | D:4      | Reached skill level 6 in Axes
  3425 | D:4      | Reached XP level 7. HP: 33/60 MP: 7/7
  3529 | D:4      | Reached skill level 5 in Fighting
  3555 | D:4      | Noticed Edmund
  3586 | D:5      | Entered Level 5 of the Dungeon
  3666 | D:5      | Noticed Sigmund
  3669 | D:5      | Reached skill level 7 in Axes
  3673 | D:5      | Killed Sigmund
  3674 | D:5      | Reached skill level 5 in Armour
  3674 | D:5      | Reached XP level 8. HP: 62/68 MP: 8/8
  3790 | D:5      | Noticed Ijyb
  3822 | D:5      | Killed Ijyb
  3978 | D:4      | Paralysed by Grinder for 5 turns
  3991 | D:4      | Killed Grinder
  3992 | D:4      | Reached skill level 8 in Axes
  4289 | D:4      | Killed Edmund
  4588 | D:5      | Reached skill level 5 in Shields
  4643 | D:5      | Found a hazy altar of Hepliaklqana.
  5252 | D:6      | Reached skill level 9 in Axes
  5278 | D:6      | Reached XP level 9. HP: 67/75 MP: 9/9
  5484 | D:6      | Noticed Maggie
  5501 | D:6      | Killed Maggie
  5502 | D:6      | Reached skill level 10 in Axes
  6421 | D:7      | Found a glowing golden altar of the Shining One.
  6425 | D:7      | Became a worshipper of the Shining One
  6486 | D:7      | Found a staircase to the Ecumenical Temple.
  6532 | D:7      | Found a burning altar of Makhleb.
  6770 | Temple   | Entered the Ecumenical Temple
  7089 | D:8      | Noticed a tengu warrior
  7158 | D:8      | Noticed Erica
  7210 | D:8      | Noticed a two-headed ogre
  7230 | D:8      | HP: 2/78 [two-headed ogre/+0 giant club (13)]
  7232 | D:8      | Killed a two-headed ogre
  7233 | D:8      | Reached skill level 11 in Axes
  7233 | D:8      | Reached XP level 10. HP: 2/86 MP: 10/10
  7469 | D:8      | Identified the +6 plate armour "Icuhusyt" {rF- rC+ Slay+3}
  7505 | D:8      | Killed a tengu warrior
  7559 | D:8      | Noticed a centaur warrior
  8035 | D:8      | Killed an unseen horror
  8036 | D:8      | Reached skill level 12 in Axes
  8400 | D:8      | Killed a centaur warrior
  8461 | D:8      | Noticed a manticore
  8472 | D:8      | Killed a manticore
  8538 | D:8      | Found an iron altar of Okawaru.
  8804 | D:8      | Noticed a deep elf pyromancer
  8813 | D:8      | Killed a deep elf pyromancer
  8814 | D:8      | Reached skill level 13 in Axes
  8814 | D:8      | Reached XP level 11. HP: 30/95 MP: 11/11
  9216 | D:8      | Killed Erica
 10083 | D:9      | Reached * piety under the Shining One
 10269 | D:9      | Found a radiant altar of Vehumet.
 10454 | D:10     | Entered Level 10 of the Dungeon
 10454 | D:10     | Noticed an obsidian statue
 10485 | D:10     | Identified the +1 ring mail of Beogh's Delight {+Inv rF-
                  | Int-4 Dex+5}
 10634 | D:10     | Reached skill level 14 in Axes
 10749 | D:10     | Reached skill level 5 in Stealth
 11058 | D:10     | Found a staircase to the Orcish Mines.
 11710 | D:10     | Killed an obsidian statue
 11862 | D:11     | Noticed Harold
 11880 | D:11     | Killed Harold
 11944 | D:11     | Reached XP level 12. HP: 57/106 MP: 12/12
 12129 | D:11     | Reached skill level 15 in Axes
 12255 | D:11     | Noticed a boulder beetle
 12771 | D:11     | Found a staircase to the Lair.
 12818 | D:11     | Reached ** piety under the Shining One
 12825 | D:11     | Reached skill level 10 in Fighting
 12825 | D:11     | Reached skill level 5 in Dodging
 13245 | D:11     | Killed a boulder beetle
 13379 | D:12     | Found a gate leading to a gauntlet.
 13379 | D:12     | Noticed Snorg
 13401 | D:12     | HP: 1/106 [Snorg (14)]
 13401 | D:12     | Slain by Snorg

Illustrated notes

Levels and vault maps discovered:
D:1:      mrwooster_arrival_arrow, layout_basic
D:2:      layout_basic, hellmonk_ecumenical_altar_zigzags
D:3:      layout_basic
D:4:      layout_basic, item_on_display_a, uniq_eustachio, uniq_grinder,
          uniq_edmund
D:5:      layout_basic, mainiacjoe_overflow_alcove_2, uniq_sigmund, uniq_ijyb
D:6:      layout_basic, uniq_maggie
D:7:      layout_basic, bloody_makhleb, mainiacjoe_overflow_alcove_4,
          minmay_temple_entry_sparse_star
D:8:      minmay_cut_squares, layout_layer_cave,
          mainiacjoe_overflow_cross_hatched, serial_bayou_lagoon_a, nrook_uturn,
          minivault_1, uniq_erica
D:9:      layout_gridville, lemuel_coloured_pillars_altar
D:10:     layout_basic, minmay_orc_entry_guard_dogs, minivault_16
D:11:     layout_roguey, dpeg_oklobed_lair, uniq_harold
D:12:     layout_loops_ring, gauntlet_entry_generic, uniq_nergalle,
          uniq_frances, uniq_snorg
Temple:   minmay_temple_bridge_d

Skill      XL: |  1  2  3  4  5  6  7  8  9 10 11 12 |
---------------+-------------------------------------+-----
Fighting       | 4 5 6 7 8 9 10 | 10.2
Axes           | 3 4 5 6 7 9 11 13 14 15 | 15.6
Stealth        | 1 2 3 4 5 |  5.6
Dodging        | 1 2 3 4 5 |  5.1
Armour         | 4 5 6 7 8 9 |  9.9
Shields        | 4 5 6 7 |  7.5

Action                     |  1- 3 |  4- 6 |  7- 9 | 10-12 || total
---------------------------+-------+-------+-------+-------++-------
  Melee: War axe           |    99 |   126 |   240 |   327 ||   792
         Unarmed           |       |       |    22 |       ||    22
    Use: Scroll            |     1 |     4 |     3 |     8 ||    16
         Potion            |       |       |     3 |     2 ||     5
 Armour: Scale mail        |    50 |    64 |    62 |       ||   176
         Skin              |       |       |     6 |       ||     6
         Plate armour      |       |       |    38 |   260 ||   298
         Swamp dragon scal |       |       |     5 |       ||     5
  Dodge: Dodged            |    48 |    55 |   128 |   149 ||   380
  Block: Buckler           |    27 |    30 |    42 |    92 ||   191

Table legend: (Time is in decaauts)
 A = Elapsed time spent in this place.
 B = Non-inter-level travel time spent in this place.
 C = Inter-level travel time spent in this place.
 D = Time resting spent in this place.
 E = Time spent auto-exploring this place.
 F = Levels seen in this place.
 G = Mean time per level.
                   A        B        C        D        E       F      G
               +--------+--------+--------+--------+--------+-----+--------+
         Total |  13438 |  12525 |    913 |   1437 |   7363 |  13 | 1033.7 |
       Dungeon |  13204 |  12299 |    905 |   1437 |   7149 |  12 | 1100.3 |
        Temple |    233 |    225 |      8 |      0 |    214 |   1 |  233.0 |
               +--------+--------+--------+--------+--------+-----+--------+

Top non-repeatable levels by time:
     D:8: 2054 daAuts
    D:10: 1555 daAuts
     D:3: 1300 daAuts
    D:11: 1295 daAuts
     D:7: 1175 daAuts
     D:5: 1105 daAuts
     D:4: 1043 daAuts
     D:6: 1037 daAuts
     D:1: 909 daAuts
     D:2: 890 daAuts
     D:9: 781 daAuts
  Temple: 233 daAuts
    D:12: 56 daAuts
